 Dungeon Crawl Stone Soup version 0.31-a0-977-gc230f8ef24 (webtiles) character file.

Game seed: 758056782897651635

15880 RepoMan the Grappler (level 12, -3/72 HPs)
             Began as a Kobold Cinder Acolyte on Oct 28, 2023.
             Was an Initiate of Ignis.
             Slain by a cane toad (10 damage)
             ... while petrified by a basilisk
             ... on level 1 of the Lair of Beasts on Oct 29, 2023.
             The game lasted 01:35:54 (16004 turns).

RepoMan the Grappler (Kobold Cinder Acolyte)       Turns: 16004, Time: 01:35:54

Health: -3/72      AC:  4    Str: 22    XL:     12   Next: 63%
Magic:  13/13      EV:  3    Int: 15    God:    Ignis [......]
Gold:   234        SH:  0    Dex: 11    Spells: 10/13 levels left

rFire   + +          .
                       - Unarmed
rCold   + . .        (no shield)
rNeg    + + +        K - +2 robe {rC+}
rPois   ∞            D - melded +0 helmet
rElec   .            T - melded +2 cloak {rCorr}
rCorr   .            (gloves currently unavailable)
SInv    .            (boots currently unavailable)
Will    .....        (no amulet)
Stlth   ++           d - ring of protection from fire
HPRegen 0.32/turn    J - +6 ring of strength
MPRegen 0.13/turn

%: no passive effects
@: beast-form, petrified
A: beast (slay +4), small, no large weapons, nightstalker 3
a: Begin Untransformation, Renounce Religion


You were on level 1 of the Lair of Beasts.
You worshipped Ignis.
Ignis was noncommittal.
You were a hulking beast.
You visited 3 branches of the dungeon, and saw 13 of its levels.
You also visited: Bailey and Ice Cave.

You collected 780 gold pieces.
You spent 546 gold pieces at shops.

Inventory:

Missiles
 h - 106 stones (quivered)
 m - 23 poisoned darts
 s - 5 throwing nets
 y - 7 boomerangs
 B - 5 curare-tipped darts
Armour
 D - a +0 helmet (melded)
 K - a +2 robe of cold resistance (worn)
 O - a +0 troll leather armour
 T - a +2 cloak of preservation (melded)
Jewellery
 d - a ring of protection from fire (left hand)
 r - a ring of ice
 C - a ring of positive energy
 I - a ring of resist corrosion
 J - a +6 ring of strength (right hand)
Talismans
 a - a serpent talisman
 q - a flux talisman
 P - a beast talisman (active)
Wands
 u - a wand of flame (14)
 w - a wand of roots (8)
 F - a wand of mindburst (2)
Scrolls
 e - 2 scrolls of enchant armour {unknown}
 f - a scroll of immolation {unknown}
 i - a scroll of blinking
 j - 5 scrolls of fog
 l - 4 scrolls of vulnerability
 n - a scroll of acquirement {unknown}
 E - 3 scrolls of revelation
 G - 2 scrolls of enchant weapon {unknown}
 H - a scroll of noise {unknown}
 L - 3 scrolls of teleportation
 M - a scroll of amnesia {unknown}
 Q - a scroll of poison {unknown}
 R - a scroll of butterflies
 S - a scroll of silence
Potions
 b - 2 potions of attraction
 g - 2 potions of cancellation
 o - 2 potions of mutation {unknown}
 p - a potion of brilliance {unknown}
 t - 2 potions of resistance {unknown}
 v - a potion of lignification {unknown}
 x - 3 potions of heal wounds {unknown}
 z - 3 potions of magic
 A - a potion of haste
 N - a potion of might {unknown}


   Skills:
 + Level 7.1 Fighting
 * Level 6.8 Dodging
 + Level 14.4 Unarmed Combat
 - Level 1.1 Spellcasting
 - Level 3.3 Fire Magic
 + Level 10.1 Shapeshifting


You had 10 spell levels left.
You knew the following spells:

 Your Spells              Type           Power      Damage    Failure   Level
g - Apportation           Tloc           0%         N/A       24%         1
r - Scorch                Fire           20%        2d5       10%         2

Your spell library contained the following spells:

 Spells                   Type           Power      Damage    Failure   Level
 Kiss of Death            Conj/Necr      0%         2d5       24%         1
 Necrotise                Necr           0%         1d4       24%         1
 Summon Small Mammal      Summ           0%         N/A       24%         1
 Inner Flame              Hex/Fire       5%         N/A       36%         3
 Confusing Touch          Hex            0%         N/A       58%         3
 Flame Wave               Conj/Fire      5%         2d5       77%         4
 Dispel Undead            Necr           0%         3d6       94%         4
 Yara's Violent Unravell  Hex/Tmut       0%         3d3       100%        5
 Summon Cactus Giant      Summ           0%         N/A       100%        6
 Enfeeble                 Hex            0%         N/A       100%        7


Dungeon Overview and Level Annotations

Branches:
Dungeon (11/15)            Temple (1/1) D:7            Lair (1/5) D:11
    Orc (0/2) D:9          Bailey (visited)           IceCv (visited)

Altars:
Ashenzari
Cheibriados
Dithmenos
Elyvilon
Fedhas
Gozag
Hepliaklqana
Kikubaaqudgha
Makhleb
Nemelex Xobeh
Okawaru
Qazlal
Ru
Sif Muna
Trog
Uskayaw
Vehumet
Wu Jian
Xom
Yredelemnul
Zin
The Shining One

Shops:
D:1 !   D:8 :   D:11 ?

Portals:
Trove: D:11 (give 4 potions of resistance)

Annotations:
D:3 2 transporters, ongoing's ghost, amateur OpSh
D:5 3 runed translucent doors, niknal's ghost, novice TeWr
D:8 exclusion: oklob plant
D:10 exclusion: downstairs


Innate Abilities, Weirdness & Mutations

You are a hulking beast.
Your limbs bulge with bestial killing power. (Slay +4)
You are immune to poison.
You are small and have problems with some larger weapons.
You are completely attuned to the shadows.


Message History

Press: ? - help, v - describe, . - travel
Here: a basilisk (asleep)
The floor. 2 blink frogs and a cane toad come into view.
The cane toad croaks.
You hear a loud, deep croak!
A rime drake comes into view.
A blink frog comes into view.
The bullfrog croaks.
The blink frog gives a loud, deep croak!
The basilisk hisses angrily.
You hear an angry hiss.
You hear a croak. x2
The blink frog blinks!
The basilisk gazes at you.
You are slowing down.
The blink frog blinks!
Okay, then.
Unknown command.
The basilisk gazes at you. You resist with some effort.
The blink frog blinks!
Your limbs are stiffening.
You have turned to stone.
The cane toad stings you!!
The blink frog blinks!
The cane toad stings you! The blink frog barely misses you.
The cane toad stings you! The blink frog hits you. x2
The blink frog blinks!
The cane toad stings you! The cane toad stings you! The basilisk gazes at you.
You resist with some effort. The cane toad stings you! The blink frog hits you!
The blink frog blinks!
The basilisk bites you but does no damage.
The cane toad stings you!
The blink frog blinks!
The basilisk gazes at you. The cane toad stings you!!
* * * LOW HITPOINT WARNING * * *
The blink frog blinks!
A blink frog comes into view.
The cane toad stings you!
* * * LOW HITPOINT WARNING * * *
The basilisk gazes at you. You resist with some effort.
The cane toad stings you!!
You die...

#..#####.#..####
#........<......
....#.
##.####.##..####
...... #.#
####.## ..k..#
#.# #.# #..k.#
#.## #.#
...l.####..#
#..#..#..⌠.#
.....F#h.F..#
..⌠..FlF.⌠.⌠#
....F#.......
#..#..#.⌠.###
....## #.## .#
##


You could see a cane toad, a basilisk, 2 blink frogs and a bullfrog.

Vanquished Creatures
  Harold (D:11)
  Erica (D:11)
  2 two-headed ogres (D:10)
  Sonja (D:11)
  Pikel (D:4)
  2 cyclopes (D:11)
  Maurice (D:11)
  A komodo dragon (D:7)
  A troll (D:9)
  2 shadows
  A wraith (D:11)
  3 slime creatures (IceCv)
  A vampire (D:11)
  25 yaks
  4 wyverns
  Eustachio (D:4)
  Edmund (D:5)
  An acid dragon (D:11)
  4 water moccasins
  Duvessa (D:5)
  An ice beast (D:7)
  An orc warrior (Bailey)
  A sky beast (D:8)
  2 ogres (D:7)
  A black bear (D:6)
  5 centaurs
  3 lemures (D:4)
  A slime creature simulacrum (IceCv)
  2 kobold brigands
  6 bullfrogs
  5 gnoll sergeants
  A scorpion (D:6)
  3 wights (D:8)
  Dowan (D:5)
  The ghost of BinkBink the Ruffian, a weakling TrSh (D:4)
  23 killer bees
  A howler monkey (D:9)
  A jelly (D:7)
  6 hounds
  5 gnoll boudas
  5 orc priests
  Natasha (thrice) (D:3)
  6 iguanas
  8 orc wizards
  A shapeshifter simulacrum (IceCv)
  47 gnolls
  6 adders
  2 river rats (D:5)
  2 worms
  2 dart slugs
  24 orcs
  4 bats
  12 endoplasms
  7 giant cockroaches
  13 goblins
  12 hobgoblins
  2 jackals (D:1)
  19 kobolds
  6 quokkas
  3 ball pythons
  4 frilled lizards
  7 rats
320 creatures vanquished.

Vanquished Creatures (others)
  18 foxfires (D:7)
18 creatures vanquished.

Grand Total: 338 creatures vanquished

Notes
Turn   | Place    | Note
-------+----------+-------------------------------------------
     0 | D:1      | RepoMan the Kobold Cinder Acolyte began the quest for the
                  | Orb.
     0 | D:1      | Reached XP level 1. HP: 14/14 MP: 2/2
   138 | D:1      | Reached XP level 2. HP: 19/19 MP: 3/3
   254 | D:1      | Learned a level 2 spell: Scorch
   265 | D:1      | Found Quguifagg's Distillery.
   308 | D:1      | Learned a level 1 spell: Apportation
   351 | D:1      | Reached XP level 3. HP: 20/23 MP: 4/4
   824 | D:1      | Reached skill level 4 in Unarmed Combat
  1538 | D:2      | Reached XP level 4. HP: 19/28 MP: 2/5
  2085 | D:3      | Noticed Natasha
  2095 | D:3      | Killed Natasha
  2096 | D:3      | Reached skill level 5 in Unarmed Combat
  2112 | D:3      | Reached XP level 5. HP: 19/32 MP: 3/6
  2144 | D:3      | Noticed Natasha
  2151 | D:3      | Killed Natasha
  2212 | D:3      | Noticed ongoing's ghost (amateur OpSh)
  2213 | D:3      | Noticed a small abomination
  2221 | D:3      | Noticed a small abomination
  2439 | D:3      | Noticed Natasha
  2442 | D:3      | Killed Natasha
  2476 | D:3      | Found a transporter.
  2501 | D:3      | Found a transporter.
  2528 | D:3      | Reached skill level 6 in Unarmed Combat
  2528 | D:3      | Reached XP level 6. HP: 37/37 MP: 2/7
  2749 | D:4      | Reached skill level 1 in Shapeshifting
  2864 | D:4      | Found a runed translucent door.
  3057 | D:4      | Noticed Eustachio
  3104 | D:4      | Killed Eustachio
  3105 | D:4      | Reached XP level 7. HP: 36/41 MP: 4/8
  3310 | D:4      | Noticed Pikel
  3320 | D:4      | Killed Pikel
  3321 | D:4      | Reached skill level 8 in Unarmed Combat
  3321 | D:4      | Reached XP level 8. HP: 46/46 MP: 4/9
  3368 | D:5      | Entered Level 5 of the Dungeon
  4110 | D:5      | Reached skill level 9 in Unarmed Combat
  4749 | D:5      | Reached XP level 9. HP: 23/51 MP: 6/10
  4876 | D:5      | Noticed Duvessa
  4878 | D:5      | Noticed Dowan
  4882 | D:5      | Killed Duvessa
  4885 | D:5      | Killed Dowan
  4991 | D:5      | Found a runed translucent gate.
  4992 | D:5      | Found a runed translucent gate.
  4993 | D:5      | Found a runed translucent gate.
  4995 | D:5      | Noticed niknal's ghost (novice TeWr)
  5125 | D:5      | Noticed Edmund
  5138 | D:5      | Killed Edmund
  5139 | D:5      | Reached skill level 10 in Unarmed Combat
  5139 | D:5      | Reached skill level 5 in Shapeshifting
  5435 | D:4      | Found a runed translucent door.
  5932 | D:4      | Noticed BinkBink's ghost (weakling TrSh)
  5937 | D:4      | Killed BinkBink's ghost
  6221 | D:6      | Reached skill level 11 in Unarmed Combat
  6226 | D:6      | Reached XP level 10. HP: 17/56 MP: 7/11
  7408 | D:7      | Reached skill level 12 in Unarmed Combat
  7456 | D:7      | Found a flagged portal.
  7591 | Bailey   | Entered a bailey
  7705 | Bailey   | Noticed an orc knight
  7859 | D:7      | Noticed a komodo dragon
  8024 | D:7      | Reached skill level 1 in Dodging
  8394 | D:7      | Found a staircase to the Ecumenical Temple.
  8431 | Temple   | Entered the Ecumenical Temple
  8950 | D:7      | Killed a komodo dragon
  9328 | D:8      | Found Tausaqyw's Book Shop.
 10287 | D:8      | Found a blossoming altar of Fedhas.
 10296 | D:8      | Noticed an oklob plant
 10391 | D:8      | Reached skill level 13 in Unarmed Combat
 10391 | D:8      | Reached XP level 11. HP: 28/62 MP: 12/12
 10396 | D:8      | Reached skill level 5 in Fighting
 11517 | D:10     | Entered Level 10 of the Dungeon
 11674 | D:9      | Reached skill level 5 in Dodging
 11697 | D:9      | Found a staircase to the Orcish Mines.
 12669 | D:10     | Noticed a two-headed ogre
 12690 | D:10     | Killed a two-headed ogre
 12853 | D:10     | Noticed a two-headed ogre
 12871 | D:10     | Killed a two-headed ogre
 12872 | D:10     | Reached skill level 14 in Unarmed Combat
 13709 | D:11     | Noticed Sonja
 13709 | D:11     | Noticed a cyclops
 13751 | D:11     | Noticed a cyclops
 13856 | D:11     | Found a frozen archway.
 13867 | IceCv    | Entered an ice cave
 13914 | IceCv    | Noticed a quicksilver ooze
 13944 | IceCv    | Reached XP level 12. HP: 34/72 MP: 13/13
 14190 | D:11     | Killed Sonja
 14441 | D:11     | Found Bydoolejym's Magic Scroll Emporium.
 14441 | D:11     | Noticed Harold
 14479 | D:11     | Killed Harold
 14530 | D:11     | Bought a scroll of identify for 28 gold pieces
 14530 | D:11     | Bought a scroll of vulnerability for 56 gold pieces
 14530 | D:11     | Bought a scroll of identify for 28 gold pieces
 14530 | D:11     | Bought a scroll of butterflies for 56 gold pieces
 14530 | D:11     | Bought a scroll of fog for 56 gold pieces
 14530 | D:11     | Bought a scroll of revelation for 105 gold pieces
 14530 | D:11     | Bought a scroll of silence for 133 gold pieces
 14530 | D:11     | Bought a scroll of teleportation for 42 gold pieces
 14530 | D:11     | Bought a scroll of teleportation for 42 gold pieces
 15142 | D:11     | Found a staircase to the Lair.
 15422 | D:11     | Noticed Maurice
 15467 | D:11     | Maurice stole a beast talisman
 15471 | D:11     | Killed Maurice
 15472 | D:11     | Reached skill level 10 in Shapeshifting
 15550 | D:11     | Noticed a boulder beetle
 15699 | D:11     | Noticed Erica
 15709 | D:11     | Killed Erica
 15738 | D:11     | Found a portal to a secret trove of treasure.
 15957 | Lair:1   | Entered Level 1 of the Lair of Beasts
 15960 | Lair:1   | Upgraded the game from 0.31-a0-971-g75a2e9a4b4 to
                  | 0.31-a0-977-gc230f8ef24
 16004 | Lair:1   | Slain by a cane toad

Illustrated notes

Levels and vault maps discovered:
D:1:      dpeg_arrival_circle_labyrinth_c, layout_basic, serial_shops,
          nicolae_shop_statue_plus
D:2:      layout_loops_corners
D:3:      layout_basic, gammafunk_ghost_abyssal_escape, uniq_natasha
D:4:      layout_loops_ring, ebering_ghost_sewer_f, uniq_pikel, uniq_eustachio
D:5:      layout_basic, gup_sewer_entry_spiral, ebering_ghost_rock_garden,
          uniq_duvessa, uniq_edmund
D:6:      layout_basic, minivault_27, hex_medium
D:7:      layout_rooms, minmay_temple_entry_statues, enter_bailey_5,
          dreamdust_wishing_well, minmay_misc_feat_columns, minivault_25,
          kennysheep_generic_room_16
D:8:      layout_basic, tgw_fedhas, serial_shops, nicolae_shop_stone,
          dk_noncrumbling_2
D:9:      layout_irregular_city, david_orc_3
D:10:     layout_rooms
D:11:     layout_long_grid, minmay_lair_entry_grove,
          portal_ice_cave_entry_pillars_1, serial_shops, shop, enter_trove_3,
          uniq_sonja, uniq_maurice, uniq_erica, uniq_harold
Temple:   mainiacjoe_temple_archimedes_tessellation
Lair:1:   layout_small_grid, gammafunk_ghost_hydra_chop, grunt_megastairs_1,
          lemuel_fruit_fields, uniq_gastronok, uniq_maggie

Skill      XL: |  1  2  3  4  5  6  7  8  9 10 11 12 |
---------------+-------------------------------------+-----
Unarmed Combat | 4 5 6 8 9 11 13 14 | 14.4
Shapeshifting  | 1 3 4 6 7 10 | 10.1
Dodging        | 3 6 |  6.8
Fighting       | 4 7 |  7.1
Spellcasting   | |  1.1
Fire Magic     | |  3.3

Action                     |  1- 3 |  4- 6 |  7- 9 | 10-12 || total
---------------------------+-------+-------+-------+-------++-------
  Melee: Unarmed           |   126 |    82 |   204 |   507 ||   919
         Punch             |     1 |     2 |    11 |    36 ||    50
         Constrict         |       |       |       |     1 ||     1
  Throw: Stone             |       |       |     5 |     8 ||    13
         Dart              |       |       |     5 |    18 ||    23
         Throwing net      |       |       |     3 |    11 ||    14
         Boomerang         |       |       |       |     1 ||     1
   Cast: Scorch            |     1 |    20 |    44 |    32 ||    97
         Apportation       |       |       |       |     2 ||     2
 Invoke: Fiery Armour      |       |     2 |     5 |     5 ||    12
         Foxfire Swarm     |       |       |       |     1 ||     1
         Rising Flame      |       |       |       |     1 ||     1
Ability: Begin Untransform |       |       |       |     1 ||     1
  Evoke: Wand              |       |     2 |     9 |    28 ||    39
    Use: Scroll            |       |     3 |     1 |    10 ||    14
         Potion            |       |       |     4 |     6 ||    10
   Stab: Sleeping          |     8 |     3 |       |     9 ||    20
         Held in net/web   |       |       |       |     5 ||     5
 Armour: Robe              |    36 |    33 |   110 |   245 ||   424
         Skin              |       |       |       |     6 ||     6
  Dodge: Dodged            |    59 |    49 |   108 |   294 ||   510
   Form: Beast             |       |       |     1 |     3 ||     4
         Flux              |       |       |       |     2 ||     2
         Anaconda          |       |       |       |     2 ||     2

Table legend: (Time is in decaauts)
 A = Elapsed time spent in this place.
 B = Non-inter-level travel time spent in this place.
 C = Inter-level travel time spent in this place.
 D = Time resting spent in this place.
 E = Time spent auto-exploring this place.
 F = Levels seen in this place.
 G = Mean time per level.
                   A        B        C        D        E       F      G
               +--------+--------+--------+--------+--------+-----+--------+
         Total |  15874 |  15167 |    707 |   3996 |   6964 |  15 | 1058.3 |
       Dungeon |  15488 |  14781 |    707 |   3872 |   6948 |  11 | 1408.0 |
        Temple |      1 |      1 |      0 |      0 |      0 |   1 |    1.0 |
          Lair |     41 |     41 |      0 |      0 |     16 |   1 |   41.0 |
        Bailey |    127 |    127 |      0 |     19 |      0 |   1 |  127.0 |
      Ice Cave |    215 |    215 |      0 |    105 |      0 |   1 |  215.0 |
               +--------+--------+--------+--------+--------+-----+--------+

Top non-repeatable levels by time:
     D:8: 2133 daAuts
     D:5: 1810 daAuts
    D:11: 1673 daAuts
     D:7: 1563 daAuts
     D:6: 1509 daAuts
     D:9: 1492 daAuts
     D:4: 1316 daAuts
    D:10: 1290 daAuts
     D:2: 1101 daAuts
     D:1: 848 daAuts
     D:3: 748 daAuts
   IceCv: 215 daAuts
  Bailey: 127 daAuts
  Lair:1: 41 daAuts
  Temple: 1 daAuts
